 Dungeon Crawl Stone Soup version 0.24.0-37-gcf1ca852f1 (webtiles) character file.

Game seed: 15906355586390025844, levelgen mode: deterministic

3213 lepoulpe303 the Spear-Bearer (level 9, -1/111 HPs)
             Began as a Merfolk Fighter on Dec 1, 2019.
             Was a Believer of Ru.
             Succumbed to Erica's bolt of poison
             ... on level 8 of the Dungeon on Dec 2, 2019.
             The game lasted 00:35:59 (9214 turns).

lepoulpe303 the Spear-Bearer (Merfolk Fighter)      Turns: 9214, Time: 00:36:00

Health: -1/111     AC: 24    Str: 19    XL:     9   Next: 97%
Magic:  11/11      EV:  2    Int:  8    God:    Ru [**....]
Gold:   321        SH:  0    Dex: 13    Spells: 8/8 levels left

rFire    + . .     SeeInvis .   a - +0 halberd
rCold    x . .     Gourm    .   (shield currently unavailable)
rNeg     + + +     Faith    .   (armour currently unavailable)
rPois    +         Spirit   .   (helmet currently unavailable)
rElec    .         Reflect  .   (cloak currently unavailable)
rCorr    .         Harm     .   (gloves currently unavailable)
MR       .....     NoTele   +   (boots currently unavailable)
Stlth    +.........             l - amulet of rage
HPRegen  0.28/turn              u - ring of fire {rF+, rC-}
MPRegen  0.12/turn              (no ring)

@: lethally poisoned (-1 -> -11), tree-form, slowed, very slow
A: (change form in water), (swift swim), (stealthy swim), unskilled 1
a: Renounce Religion, Evoke Berserk Rage


You were on level 8 of the Dungeon.
You worshipped Ru.
Ru was pleased with you.
You were hungry.
You were a tree.
You visited 2 branches of the dungeon, and saw 9 of its levels.

You collected 321 gold pieces.

Inventory:

Hand Weapons
 a - a +0 halberd (weapon)
 D - a +0 trident
Missiles
 g - 8 poisoned darts (quivered)
Armour
 b - a +0 scale mail
 c - a +0 shield
 k - a scarf of spirit shield (melded)
 o - a +0 chain mail (melded)
 A - a +1 pair of gloves (melded)
 B - a +2 helmet of intelligence (melded) {Int+3}
Jewellery
 l - an amulet of rage (around neck)
 u - a ring of fire (left branch) {rF+, rC-}
Wands
 y - a wand of acid (4)
 z - a wand of iceblast (13)
 E - a wand of flame (20)
Scrolls
 f - 2 scrolls of random uselessness {unknown}
 i - 2 scrolls of identify
 m - 2 scrolls of fear {unknown}
 n - 2 scrolls of blinking {unknown}
 q - 2 scrolls of magic mapping {unknown}
 r - a scroll of enchant weapon {unknown}
 s - a scroll of fog {unknown}
 t - a scroll of teleportation
 w - 4 scrolls of remove curse
 C - a scroll of holy word {unknown}
 F - a scroll of silence {unknown}
Potions
 d - a potion of might
 h - 2 potions of haste
 p - a potion of lignification {!q}
 v - a potion of cancellation
 x - 2 potions of mutation {!q}
Comestibles
 e - 5 rations


   Skills:
 * Level 8.3 Fighting
 * Level 10.3 Polearms
 + Level 4.2 Armour
 + Level 6.1 Dodging
 - Level 2.7 Shields
 + Level 2.7 Evocations


You had 8 spell levels left.
You didn't know any spells.
Your spell library was empty.

Dungeon Overview and Level Annotations

Branches:
Dungeon (8/15)             Temple (1/1) D:6
   Lair: D:8-11

Altars:
Ashenzari
Cheibriados
Dithmenos
Elyvilon
Fedhas
Gozag
Hepliaklqana
Kikubaaqudgha
Makhleb
Nemelex Xobeh
Okawaru
Qazlal
Ru
Sif Muna
Trog
Uskayaw
Vehumet
Wu Jian
Xom
Yredelemnul
Zin
The Shining One

Shops:
D:4 }   D:7 [

Annotations:
D:8 Erica


Innate Abilities, Weirdness & Mutations

((You revert to your normal form in water.))
((You are very nimble and swift while swimming.))
((You are very stealthy in the water. (Stealth+)))
You are somewhat unskilled. (-1 Apt)


Message History

You barely miss something.
You feel less confused.
* * * LOW HITPOINT WARNING * * *
You feel very sick.
You hear some strange, mumbled words.
An orb of energy appears from out of thin air!
The orb of energy hits you but does no damage.
The centaur shoots an arrow.
The arrow hits you.
* * * LOW HITPOINT WARNING * * *
Something completely misses you.
You take 4 damage, and have 2/111 hp.
You hit something.
* * * LOW HITPOINT WARNING * * *
You feel sick.
The centaur shoots an arrow.
The arrow hits you but does no damage.
The centaur is stunned by your will and fails to attack.
Something hits you but does no damage.
You take 1 damage, and have 1/111 hp.
You closely miss something.
You die...

#...........###..
................(
#...c...........#
#...........(...#
#........(......#
#........#
#...(....#
#........#
#♣{......#
#........#
#........#
#.[......#
#÷.......#
#........#
###........#
#..........#
#....#######


You could see a centaur.

Levels and vault maps discovered:
D:1:      wander_arrival_fairy_ring, layout_loops_ring
D:2:      layout_rooms, first_ration, minmay_pentomino_pile
D:3:      layout_loops_corners, kennysheep_slug_shrine, tso_oasis_becter,
          nemelex_xobeh_ov_fountains_minmay
D:4:      layout_loops_ring, serial_shops, shop, minmay_misc_feat_four_crosses
D:5:      cheibrodos_helix_gallery, layout_basic
D:6:      layout_loops_ring, lemuel_crystal_altar, grunt_temple_overflow_open,
          minmay_temple_entry_hall, uniq_grinder, uniq_edmund,
          uniq_prince_ribbit1
D:7:      layout_basic, vehumet_altar_wand_db, serial_shops, shop, basic_altar,
          uniq_pikel
D:8:      layout_basic, grunt_ogre_cave, uniq_erica
Temple:   eino_temple_lava

Notes
Turn   | Place    | Note
-------+----------+-------------------------------------------
     0 | D:1      | lepoulpe303 the Merfolk Fighter began the quest for the
                  | Orb.
     0 | D:1      | Reached XP level 1. HP: 18/18 MP: 1/1
     2 | D:1      | Identified a +0 short sword
   218 | D:1      | Identified a +0 dagger
   300 | D:1      | Identified a +0 whip
   304 | D:1      | Reached XP level 2. HP: 24/24 MP: 2/2
   406 | D:1      | Identified a +0 short sword of draining
   633 | D:1      | Identified a scarf of spirit shield (You found it on level
                  | 1 of the Dungeon)
   790 | D:2      | Identified a +0 dagger
   794 | D:2      | Reached skill level 1 in Dodging
   888 | D:2      | Identified a +0 club
   892 | D:2      | Identified a +0 dagger
   895 | D:2      | Identified a +0 short sword
  1114 | D:2      | Reached XP level 3. HP: 30/30 MP: 3/3
  1305 | D:2      | Reached skill level 4 in Polearms
  1305 | D:2      | Reached XP level 4. HP: 28/37 MP: 2/4
  1308 | D:2      | Identified a cursed +0 club
  1308 | D:2      | Identified a +0 robe
  1313 | D:2      | Reached skill level 4 in Fighting
  1452 | D:2      | Identified a +0 club
  1452 | D:2      | Identified a +0 plate armour
  1454 | D:2      | Identified a +0 club
  1569 | D:2      | Identified a +0 club
  1572 | D:2      | Identified a +0 dagger
  1652 | D:2      | Identified a cursed +0 helmet (You found it on level 2 of
                  | the Dungeon)
  1886 | D:3      | Identified a +0 club
  2194 | D:3      | Found a sparkling altar of Nemelex Xobeh.
  2250 | D:3      | Identified a +0 dagger
  2250 | D:3      | Identified a +0 robe
  2250 | D:3      | Identified a +0 club
  2250 | D:3      | Identified a +0 chain mail
  2293 | D:3      | Reached skill level 2 in Dodging
  2293 | D:3      | Reached XP level 5. HP: 15/43 MP: 2/5
  2573 | D:3      | Identified a +0 dagger
  2610 | D:3      | Reached skill level 5 in Polearms
  2623 | D:3      | Identified a +0 club
  2663 | D:3      | Found a snail-covered altar of Cheibriados.
  2722 | D:3      | Identified a +2 flail of protection
  2748 | D:3      | Identified a +0 flail
  2748 | D:3      | Identified a +0 chain mail
  2759 | D:3      | Identified a +0 short sword
  2764 | D:3      | Identified a +0 scale mail
  3099 | D:3      | Identified a +0 short sword
  3101 | D:3      | Identified a +0 short sword
  3128 | D:3      | Reached XP level 6. HP: 50/50 MP: 6/6
  3329 | D:3      | Found a glowing golden altar of the Shining One.
  3531 | D:4      | Reached skill level 5 in Fighting
  3556 | D:4      | Identified a +0 hand axe
  3556 | D:4      | Identified a +0 falchion
  3558 | D:4      | Identified a +0 dagger
  3558 | D:4      | Identified a +0 robe
  3560 | D:4      | Identified a +0 dagger
  3560 | D:4      | Identified a +0 robe
  3563 | D:4      | Reached skill level 3 in Armour
  3571 | D:4      | Reached skill level 6 in Polearms
  3595 | D:4      | Reached skill level 3 in Dodging
  3741 | D:4      | Identified a +0 club
  3748 | D:4      | Identified a +0 short sword
  3748 | D:4      | Identified a +0 scale mail
  3750 | D:4      | Identified a +0 short sword
  3750 | D:4      | Identified a +0 scale mail
  3754 | D:4      | Identified a +0 dagger
  3754 | D:4      | Identified a +0 robe
  3757 | D:4      | Identified a +0 whip
  3757 | D:4      | Identified a cursed +0 dagger
  3757 | D:4      | Identified a +0 robe
  3763 | D:4      | Identified a +0 halberd
  3763 | D:4      | Identified a +0 chain mail
  3763 | D:4      | Noticed an orc warrior
  3763 | D:4      | Identified a +0 club
  3763 | D:4      | Identified a +0 flail
  3763 | D:4      | Identified a +0 robe
  4201 | D:4      | HP: 8/51 [orc warrior/+0 halberd (20)]
  4202 | D:4      | Identified a potion of flight
  4205 | D:4      | Killed an orc warrior
  4205 | D:4      | Reached XP level 7. HP: 5/57 MP: 1/7
  4208 | D:4      | HP: 4/57 [something (1)]
  4527 | D:4      | Identified a +0 dagger
  4527 | D:4      | Identified a cursed +0 robe
  4527 | D:4      | Identified a +0 flail
  4527 | D:4      | Identified a +0 whip
  4527 | D:4      | Identified a +0 leather armour
  4542 | D:4      | Reached skill level 7 in Polearms
  4646 | D:4      | Reached skill level 6 in Fighting
  4647 | D:4      | Found Surimip's Gadget Emporium.
  4686 | D:4      | Identified 3 scrolls of identify
  4686 | D:4      | Identified an amulet of rage (You found it on level 1 of
                  | the Dungeon)
  4688 | D:4      | Identified 2 scrolls of teleportation
  4906 | D:5      | Entered Level 5 of the Dungeon
  5035 | D:5      | Reached skill level 4 in Dodging
  5036 | D:5      | Identified 2 scrolls of remove curse
  5047 | D:5      | Identified a +2 helmet of intelligence (You found it on
                  | level 4 of the Dungeon)
  5066 | D:5      | Reached XP level 8. HP: 56/65 MP: 6/8
  5086 | D:5      | Identified a +0 shortbow
  5107 | D:5      | Reached skill level 8 in Polearms
  5209 | D:5      | Identified a ring of fire (You found it on level 5 of the
                  | Dungeon)
  5239 | D:5      | Identified a +0 dagger
  5239 | D:5      | Identified a +0 robe
  5259 | D:5      | Identified a +0 mace
  5259 | D:5      | Identified a +0 plate armour
  5259 | D:5      | Identified a +0 dagger
  5259 | D:5      | Identified a +0 leather armour
  5259 | D:5      | Identified a +0 club
  5280 | D:5      | Identified a +0 dagger
  5280 | D:5      | Identified a +0 robe
  5486 | D:5      | Reached skill level 7 in Fighting
  6051 | D:5      | Identified 2 potions of lignification
  6080 | D:6      | Identified a +0 dagger
  6080 | D:6      | Identified a +0 leather armour
  6081 | D:6      | Identified a +0 giant club
  6276 | D:6      | Reached skill level 5 in Dodging
  6281 | D:6      | HP: 13/67 [ogre/+0 giant club (8)]
  6283 | D:6      | Reached skill level 9 in Polearms
  6539 | D:6      | Found a staircase to the Ecumenical Temple.
  6545 | Temple   | Entered the Ecumenical Temple
  6632 | Temple   | Became a worshipper of Ru the Awakened
  6705 | D:6      | Identified a +0 mace
  6718 | D:6      | Identified a +1 pair of gloves (You found it on level 6 of
                  | the Dungeon)
  6762 | D:6      | Identified a potion of mutation
  6763 | D:6      | Identified a potion of ambrosia
  6764 | D:6      | Identified a potion of cancellation
  6795 | D:6      | Found a stormy altar of Qazlal.
  6841 | D:6      | Noticed Grinder
  6846 | D:6      | Paralysed by Grinder for 3 turns
  6864 | D:6      | Killed Grinder
  6864 | D:6      | Reached skill level 4 in Armour
  6864 | D:6      | Reached skill level 1 in Evocations
  6864 | D:6      | Reached XP level 9. HP: 73/73 MP: 6/9
  7210 | D:6      | Reached skill level 8 in Fighting
  7226 | D:6      | Found an opulent altar of Gozag.
  7226 | D:6      | Found an ornate altar of the Wu Jian Council.
  7226 | D:6      | Found an ancient bone altar of Kikubaaqudgha.
  7226 | D:6      | Noticed Prince Ribbit
  7226 | D:6      | Identified a +2 flail of protection
  7226 | D:6      | Identified a +0 scale mail
  7226 | D:6      | Noticed Edmund
  7282 | D:6      | Killed Edmund
  7282 | D:6      | Reached skill level 10 in Polearms
  7320 | D:6      | HP: 13/74 [Prince Ribbit (8)]
  7625 | D:6      | Identified a +0 giant club
  7862 | D:6      | Found a staircase to the Ecumenical Temple.
  7990 | D:6      | Found a stormy altar of Qazlal.
  8198 | D:6      | Found an ornate altar of the Wu Jian Council.
  8201 | D:6      | Found an ancient bone altar of Kikubaaqudgha.
  8201 | D:6      | Found an opulent altar of Gozag.
  8281 | D:6      | Killed Prince Ribbit
  8281 | D:6      | Reached skill level 6 in Dodging
  8281 | D:6      | Reached skill level 2 in Evocations
  8536 | D:7      | Found a radiant altar of Vehumet.
  8536 | D:7      | Identified a +0 whip of flaming
  8536 | D:7      | Identified a +2 robe of fire resistance
  8536 | D:7      | Noticed Pikel
  8619 | D:7      | Killed Pikel
  8708 | D:7      | Found Jifox's Armour Emporium.
  8720 | D:7      | Identified a +0 dagger
  8775 | D:7      | Identified a cursed +0 flail
  8775 | D:7      | Identified a +0 robe
  8776 | D:7      | Identified a +2 dagger of freezing
  8776 | D:7      | Identified a +0 robe
  8784 | D:7      | Identified a cursed +0 war axe
  8784 | D:7      | Identified a cursed +0 robe
  8795 | D:6      | Reached skill level 11 in Polearms
  8872 | D:7      | Identified a +0 flail
  8872 | D:7      | Identified a +0 robe
  8886 | D:7      | Reached skill level 9 in Fighting
  8925 | D:7      | Found an ornate altar of the Wu Jian Council.
  9118 | D:8      | Reached skill level 3 in Evocations
  9121 | D:8      | Gained mutation: You are somewhat unskilled. (-1 Apt) [Ru
                  | sacrifice]
  9121 | D:8      | Reduced skill Fighting to level 8
  9121 | D:8      | Reduced skill Polearms to level 10
  9121 | D:8      | Reduced skill Shields to level 2
  9121 | D:8      | Reduced skill Evocations to level 2
  9121 | D:8      | Reached * piety under Ru
  9121 | D:8      | Reached ** piety under Ru
  9171 | D:8      | Identified a +0 scimitar of flaming
  9171 | D:8      | Identified a +0 robe
  9171 | D:8      | Noticed Erica
  9201 | D:8      | HP: 15/74 [something/bolt of poison (17)]
  9206 | D:8      | HP: 14/74 [something/bolt of poison (11)]
  9211 | D:8      | HP: 7/111 [poisoned by Erica (bolt of poison)]
  9211 | D:8      | Identified a +0 shortbow
  9212 | D:8      | HP: 3/111 [poisoned by Erica (bolt of poison)]
  9213 | D:8      | HP: 1/111 [poisoned by Erica (bolt of poison)]
  9214 | D:8      | Succumbed to Erica's bolt of poison

Table legend:
 A = Turns spent in this place as a percentage of turns spent in the entire game.
 B = Non-inter-level travel turns spent in this place as a percentage of non-inter-level travel turns spent in the entire game.
 C = Inter-level travel turns spent in this place as a percentage of turns spent in this place.
 D = Turns resting spent in this place as a percentage of non-inter-level travel turns spent in this place.
 E = Turns spent auto-exploring this place as a percentage of non-inter-level travel turns spent in this place.
 F = Non-inter-level travel turns spent in this place divided by the number of levels of this place that you've seen.
                   A       B       C       D       E      F
               +-------+-------+-------+-------+-------+----------------------
         Total | 100.0 | 100.0 |   3.3 |  32.5 |  47.0 | 989.8
       Dungeon |  98.9 |  98.9 |   3.4 |  32.9 |  46.9 | 1101.4
        Temple |   1.1 |   1.1 |   0.0 |   0.0 |  58.8 |  97.0
               +-------+-------+-------+-------+-------+----------------------

Table legend:
 A = Kills in this place as a percentage of kills in entire the game.
 B = Kills by you in this place as a percentage of kills by you in the entire game.
 C = Kills by friends in this place as a percentage of kills by friends in the entire game.
 D = Other kills in this place as a percentage of other kills in the entire game.
 E = Experience gained in this place as a percentage of experience gained in the entire game.
 F = Experience gained in this place divided by the number of levels of this place that you have seen.
                   A       B       C       D       E      F
               +-------+-------+-------+-------+-------+----------------------
         Total | 100.0 | 100.0 |   N/A |   N/A | 100.0 | 510.0
       Dungeon | 100.0 | 100.0 |   N/A |   N/A | 100.0 | 573.8
               +-------+-------+-------+-------+-------+----------------------

Skill      XL: |  1  2  3  4  5  6  7  8  9 |
---------------+----------------------------+-----
Dodging        | 1 2 3 4 5 6 |  6.1
Polearms       | 4 5 6 7 9 10 | 10.3
Fighting       | 4 5 6 7 8 |  8.3
Armour         | 3 4 |  4.2
Evocations     | 1 2 |  2.7
Shields        | 2 |  2.7

Action                   |  1- 3 |  4- 6 |  7- 9 || total
-------------------------+-------+-------+-------++-------
Melee: Trident           |   100 |   355 |     9 ||   464
       Halberd           |       |       |   387 ||   387
       Tailslap          |       |       |     1 ||     1
Throw: Dart              |       |       |    19 ||    19
Invok: Sacrifice Skill   |       |       |     1 ||     1
 Abil: Evoke Berserk Rag |       |       |     4 ||     4
  Use: Potion            |       |     2 |     2 ||     4
       Scroll            |       |       |     7 ||     7
  Eat: Chunk             |     1 |    10 |    13 ||    24
       Ration            |       |       |     2 ||     2
Armor: Scale mail        |    38 |    45 |       ||    83
       Chain mail        |       |    91 |   196 ||   287
       Skin              |       |       |     5 ||     5
Dodge: Dodged            |    38 |    60 |   169 ||   267
Block: Shield            |    40 |   120 |     4 ||   164

Vanquished Creatures
  Pikel (D:7)
  Prince Ribbit (D:6)
  Grinder (D:6)
  Edmund (D:6)
  An orc warrior (D:4)
  3 ice beasts
  A black bear (D:8)
  A phantom (D:5)
  2 ogres (D:6)
  A centaur (D:5)
  A big kobold (D:7)
  A water moccasin zombie (D:5)
  A scorpion (D:5)
  4 wights
  A howler monkey (D:4)
  2 crimson imps
  A quasit (D:6)
  A bullfrog zombie (D:6)
  6 hounds
  A centaur skeleton (D:5)
  A bullfrog skeleton (D:4)
  2 orc priests
  2 iguanas
  8 orc wizards
  4 worker ants
  A hound skeleton (D:5)
  A worker ant zombie (D:5)
  A howler monkey zombie (D:4)
  A howler monkey skeleton (D:6)
  9 adders
  3 worms
  5 dart slugs
  4 leopard geckos
  21 orcs
  4 giant cockroaches
  7 goblins
  14 hobgoblins
  10 jackals
  10 kobolds
  5 quokkas
  5 bats
  9 frilled lizards
  6 rats
165 creatures vanquished.
